 Dungeon Crawl Stone Soup version 0.25-a0-565-g8875c97ebb (webtiles) character file.

Game seed: 3737265108825760006, levelgen mode: classic

95971 EnegeticOcto the Champion of Chaos (level 15, -2/222 HPs)
             Began as a Deep Dwarf Fighter on Feb 26, 2020.
             Was the Champion of Makhleb.
             Succumbed to a sea snake's poison
             ... on level 4 of the Snake Pit.
             The game lasted 00:11:15 (12402 turns).

EnegeticOcto the Champion of Chaos (DDFi)          Turns: 12402, Time: 00:11:16

Health: -2/222     AC: 24    Str: 27    XL:     15   Next: 67%
Magic:  4/4        EV: 15    Int: 19    God:    Makhleb [******]
Gold:   358        SH:  0    Dex: 12    Spells: 14/14 levels left

rFire    . . .     SeeInvis .   D - +4 battleaxe (elec)
rCold    . . .     Gourm    .   (shield currently unavailable)
rNeg     + . .     Faith    .   F - +6 chain mail of Resourcefulness {rElec MR+ Int+4}
rPois    +         Spirit   .   L - +1 helmet
rElec    +         Reflect  .   y - +0 cloak
rCorr    .         Harm     .   (no gloves)
MR       +++..                  K - +1 pair of boots
Stlth    ..........             v - amulet of Pesa {Acrobat *Drain Slay+4}
HPRegen  0.00/turn              s - +3 ring of strength
MPRegen  0.09/turn              H - +1 ring of evasion

@: berserking (expiring), lethally poisoned (-2 -> -101), non-regenerating, slow
A: damage resistance, heal wounds, clever 2, negative energy resistance 1, sense
surroundings 2, poison resistance, no regeneration
a: Heal Wounds, Minor Destruction, Lesser Servant of Makhleb, Major Destruction,
Greater Servant of Makhleb, Renounce Religion


You were on level 4 of the Snake Pit.
You worshipped Makhleb.
Makhleb was exalted by your worship.
You were very full.

You visited 3 branches of the dungeon, and saw 22 of its levels.

You collected 1440 gold pieces.
You spent 1082 gold pieces at shops.

Inventory:

Hand Weapons
 c - a +2 executioner's axe of venom
 D - a +4 battleaxe of electrocution (weapon)
 I - a +2 vorpal battleaxe
Missiles
 o - 6 throwing nets (quivered)
Armour
 y - a +0 cloak (worn)
 F - the +6 chain mail of Resourcefulness (worn) {rElec MR+ Int+4}
   (You bought it in a shop on level 14 of the Dungeon)

   It affects your intelligence (+4).
   It insulates you from electricity.
   It affects your resistance to hostile enchantments.
   If you remove this armour, your AC will decrease by 18 (24 -> 6).
 G - the +1 pair of gloves of the Buccaneer {*Slow Str+2 Dex+9 Stlth+}
   (You found it on level 14 of the Dungeon)

   It affects your strength (+2).
   It affects your dexterity (+9).
   It may slow you when you take damage.
   It makes you more stealthy.
   If you switch to wearing this armour, your AC will increase by 3 (24 -> 27).
 K - a +1 pair of boots (worn)
 L - a +1 helmet (worn)
 R - a +1 helmet
Jewellery
 s - a +3 ring of strength (left hand)
 v - the amulet of Pesa (around neck) {Acrobat *Drain Slay+4}
   (You found it on level 6 of the Dungeon)

   [amulet of the acrobat]

   It helps you evade while moving and waiting.
   It affects your accuracy and damage with ranged weapons and melee attacks
   (+4).
   It causes draining when unequipped.
 H - a +1 ring of evasion (right hand)
Wands
 a - a wand of clouds (5)
 d - a wand of digging (5) {@v2}
 m - a wand of polymorph (14)
 t - a wand of paralysis (23)
 w - a wand of acid (10) {@v1}
 x - a wand of iceblast (21)
 B - a wand of scattershot (7)
Scrolls
 f - 8 scrolls of remove curse {@r6}
 h - 6 scrolls of identify {@r1}
 p - 5 scrolls of teleportation {@r2}
 r - 3 scrolls of magic mapping {@r5}
 u - 2 scrolls of immolation {@r4}
 C - 3 scrolls of fear
 E - 2 scrolls of enchant armour
 N - 2 scrolls of fog
 P - 2 scrolls of blinking {@r3}
 Q - 2 scrolls of enchant weapon
Potions
 b - 7 potions of curing {@q1}
 g - a potion of lignification {@q7}
 i - 4 potions of flight
 j - 2 potions of stabbing {@q5}
 k - 3 potions of might {@q3}
 l - a potion of ambrosia
 n - 2 potions of magic
 q - 2 potions of heal wounds {@q2}
 z - 4 potions of berserk rage
 A - 3 potions of haste {@q4}
 J - a potion of mutation
 M - a potion of invisibility
 O - 2 potions of brilliance {unknown}
Comestibles
 e - 41 rations
 S - 8 chunks of flesh


   Skills:
 * Level 13.2 Fighting
 * Level 15.1 Axes
 + Level 11.5 Armour
 + Level 11.0 Dodging
   Level 7.7 Shields
 * Level 16.3 Invocations


You had 14 spell levels left.
You didn't know any spells.
Your spell library was empty.

Dungeon Overview and Level Annotations

Branches:
Dungeon (14/15)            Temple (0/1) D:7            Lair (4/6) D:8
 Shoals (0/4) Lair:2        Snake (4/4) Lair:3          Orc (0/2) D:12
 Vaults (0/5) D:14

Altars:
Ashenzari
Cheibriados
Gozag
Makhleb
Qazlal
Sif Muna
Trog

Shops:
D:5 :   D:10 *%(   D:14 [[%[   Snake:4 %

Portals:
Trove: D:14 (give 15 potions of curing)

Annotations:
D:4 Blork the orc
Lair:3 exclusion: 2 oklob plants
Lair:4 1 runed translucent door, Rooheesk's ghost, journeyman DDGl


Innate Abilities, Weirdness & Mutations

You are resistant to damage.
You can heal yourself by infusing magical energy.
You resist negative energy. (rN+)
You passively map the area around you.
You do not regenerate.
Your mind is very acute. (Int +4)
Your system is resistant to poisons. (rPois)


Message History

The nagaraja is heavily wounded.
You barely miss the sea snake. You closely miss the sea snake.
You slash the sea snake!
Lightning courses through the sea snake!!
You slice the sea snake!! You slash the naga! You closely miss the naga.
You slice the nagaraja!!
You are engulfed in a cloud of scalding steam.
You feel sick.
The nagaraja gestures at you while chanting.
The lance of force hits you!!
* * * LOW HITPOINT WARNING * * *
You are knocked back by the lance of force.
You collide with the sea snake!
The sea snake dies!
* * * LOW HITPOINT WARNING * * *
Splash!
The sea snake barely misses you. The nagaraja spits poison at you.
The splash of poison hits you. You resist. The nagaraja constricts you.
The naga is engulfed in a cloud of scalding steam.
The naga barely misses you.
The sea snake is engulfed in a cloud of scalding steam.
The sea snake bites you!
* * * LOW HITPOINT WARNING * * *
You are more poisoned.
The sea snake poisons you! The naga spits poison at you.
The splash of poison hits you but does no damage.
You resist.
You hear a shout!
You closely miss the nagaraja.
The nagaraja is heavily wounded.
You slice the nagaraja!! Lightning courses through the nagaraja!
You slice the naga!!
You kill the naga!
Makhleb accepts your kill.
You feel better.
Your Dodging skill increases to level 11!
You slash the naga! You slash the sea snake! You miss the sea snake.
You slash the sea snake!
You kill the sea snake!
Makhleb accepts your kill.
You feel better.
You are engulfed in a cloud of scalding steam.
* * * LOW HITPOINT WARNING * * *
You feel very sick.
The guardian serpent weaves intricate patterns with the tip of its tongue.
The naga blinks!
The sea snake misses you.
Your cacodemon barely misses the naga.
Your cacodemon misses the naga.
The nagaraja hits you but does no damage.
* * * LOW HITPOINT WARNING * * *
The nagaraja constricts you.
The nagaraja hits you but does no damage.
The sea snake bites you but does no damage.
Your unstable footing causes you to fumble your attack.
* * * LOW HITPOINT WARNING * * *
You feel very sick.
A naga comes into view. It is wielding a -2 mace.
The nagaraja is engulfed in a cloud of scalding steam.
The nagaraja hits you but does no damage.
The sea snake is engulfed in a cloud of scalding steam.
The sea snake bites you!
* * * LOW HITPOINT WARNING * * *
The naga is engulfed in a cloud of scalding steam.
The naga hits you but does no damage. The nagaraja casts a spell at you.
You resist with almost no effort. The nagaraja constricts you.
The naga spits poison at you. The splash of poison misses you.
The splash of poison hits the sea snake.
The sea snake is poisoned.
Your cacodemon hits the naga!
Your cacodemon hits the naga but does no damage.
You slice the naga!!
You kill the naga!
Makhleb accepts your kill.
You feel better.
You barely miss the sea snake. You completely miss the sea snake.
You hit the nagaraja but do no damage. You slash the nagaraja!
Lightning courses through the nagaraja!
You kill the nagaraja!
Makhleb accepts your kill.
You open the naga like a pillowcase!!!
You kill the naga!
Makhleb accepts your kill.
You are engulfed in a cloud of scalding steam.
* * * LOW HITPOINT WARNING * * *
You feel very sick.
The sea snake is engulfed in a cloud of scalding steam.
The sea snake bites you!
* * * LOW HITPOINT WARNING * * *
You are more poisoned.
The sea snake poisons you! The nagaraja spits poison at you.
The splash of poison misses you.
The sea snake bites you but does no damage.
You closely miss the sea snake.
The sea snake is almost dead.
Your chain mail of Resourcefulness prevents you from hitting the sea snake.
You hit the nagaraja. Lightning courses through the nagaraja!
You slice the naga!!
You die...

#≈≈....)#(≈≈≈
#≈≈N.N≈≈≈.#≈≈....))÷≈≈≈
#≈..SN≈≈≈.##......#....
#..≈≈≈≈≈≈.≈##.....##...
*#.≈≈≈≈≈≈.≈≈##....##.##
#N≈≈≈≈...≈≈≈#.#.####..
#..NSNN≈≈≈≈##...##.###
*#.SS≈N≈≈≈≈#.#.#.#....
* #S@NN# ##...##....
#≈))## ###...##....
##.2# ##....##.....
#..###....##.)....
##.....####.(.....
##...##...(......
#####...(.......
##...)().......
#....(##'######


You could see 2 naga warriors, 2 nagarajas, 2 sea snakes, 3 guardian serpents, a
naga mage, 5 nagas and a friendly cacodemon.

Vanquished Creatures
  Frances (D:14)
  4 nagarajas
  The ghost of Ecyt the Grappler, a journeyman TrTm of Cheibriados (D:14)
  A very ugly thing (D:14)
  Azrael (Snake:1)
  6 hydras
  Harold (D:7)
  A vault guard (D:14)
  8 naga warriors
  A catoblepas (D:13)
  2 two-headed ogres (D:13)
  3 anacondas (Snake:4)
  A centaur warrior (D:14)
  3 shock serpents
  9 naga sharpshooters
  2 unseen horrors
  12 sea snakes
  3 naga ritualists
  4 lindwurms (D:13)
  A deep elf mage (D:14)
  3 mana vipers
  A wolf spider zombie (D:14)
  A manticore (D:12)
  A spectral deep troll (D:14)
  A frost giant zombie (D:14)
  A fire giant zombie (D:14)
  9 ugly things
  A cyclops (D:14)
  2 salamanders
  12 black mambas
  2 guardian serpents
  8 naga magi
  6 spiny frogs
  3 rime drakes
  A gargoyle (D:13)
  A spark wasp simulacrum (D:14)
  6 komodo dragons
  2 trolls
  19 blink frogs
  5 hippogriffs
  A shadow (D:14)
  2 stone giant simulacra (D:14)
  A vampire (D:10)
  A wraith (D:10)
  26 yaks
  A human (D:7)
  3 hogs (D:7)
  2 wyverns (Lair:3)
  2 basilisks (Lair:3)
  4 fire elementals (Snake:1)
  A hungry ghost (D:12)
  37 nagas
  A soldier ant (D:13)
  4 hell hounds (Snake:1)
  15 water moccasins
  11 porcupines
  Duvessa (D:6)
  10 orc warriors
  8 sky beasts
  4 ice beasts
  2 black bears
  An eye of draining (D:14)
  6 ogres
  4 phantoms
  5 wolves (Lair:3)
  14 centaurs
  10 crocodiles
  A big kobold (D:11)
  8 bullfrogs
  Dowan (D:6)
  4 scorpions
  A wyvern skeleton (D:11)
  14 wights
  24 killer bees
  A howler monkey (D:7)
  2 electric eels (Snake:3)
  4 crimson imps
  5 centaur zombies
  A quasit (D:11)
  A jelly (D:9)
  9 orc priests
  A bullfrog skeleton (D:13)
  3 hounds
  11 orc wizards
  Jessica (D:3)
  5 iguanas
  4 worker ants
  A hound zombie (D:9)
  A worker ant zombie (D:5)
  A gnoll (D:5)
  12 adders
  4 shadow imps
  An adder zombie (D:9)
  2 adder skeletons
  4 worms
  2 dart slugs (D:1)
  61 orcs
  3 giant cockroaches
  6 hobgoblins
  6 jackals
  8 kobolds
  2 quokkas (D:11)
  A ball python skeleton (D:5)
  3 bats
  2 frilled lizards
  5 goblins
  A jackal skeleton (D:9)
  A leopard gecko zombie (D:5)
  6 rats
  A bush (D:14)
  A fungus (Lair:2)
  7 plants
570 creatures vanquished.

Vanquished Creatures (collateral kills)
  A nagaraja (Snake:4)
  A naga warrior (Snake:4)
  2 anacondas (Snake:4)
  3 shock serpents (Snake:4)
  3 sea snakes (Snake:4)
  A naga ritualist (Snake:4)
  A shadow dragon zombie (D:14)
  A guardian serpent (Snake:4)
  A naga mage (Snake:4)
  A black mamba (Snake:3)
15 creatures vanquished.

Vanquished Creatures (others)
  A sea snake (Snake:4)
  3 fungi
4 creatures vanquished.

Grand Total: 589 creatures vanquished

Notes
Turn   | Place    | Note
-------+----------+-------------------------------------------
     0 | D:1      | EnegeticOcto the Deep Dwarf Fighter began the quest for the
                  | Orb.
     0 | D:1      | Reached XP level 1. HP: 20/20 MP: 1/1
   130 | D:1      | Reached XP level 2. HP: 25/27 MP: 2/2
   324 | D:3      | Reached XP level 3. HP: 34/34 MP: 3/3
   332 | D:3      | Reached skill level 1 in Dodging
   334 | D:3      | Reached XP level 4. HP: 17/42 MP: 4/4
   465 | D:3      | Noticed Jessica
   468 | D:3      | Killed Jessica
   468 | D:3      | Reached XP level 5. HP: 48/49 MP: 5/5
   586 | D:4      | Reached XP level 6. HP: 46/57 MP: 6/6
   592 | D:4      | Found a shimmering blue altar of Sif Muna.
   592 | D:4      | Noticed Blork the orc
   689 | D:5      | Entered Level 5 of the Dungeon
   785 | D:5      | Found Okhlyosiv's Book Shoppe.
   957 | D:5      | Noticed a sky beast
   962 | D:5      | Killed a sky beast
   965 | D:5      | Noticed an ice beast
   984 | D:5      | Killed an ice beast
   984 | D:5      | Reached XP level 7. HP: 28/66 MP: 7/7
  1021 | D:5      | Found a bloodstained altar of Trog.
  1137 | D:5      | Reached skill level 5 in Axes
  1460 | D:6      | Reached skill level 5 in Fighting
  1466 | D:6      | Reached skill level 5 in Armour
  1582 | D:6      | Reached skill level 5 in Shields
  1582 | D:6      | Reached XP level 8. HP: 41/74 MP: 6/6
  1874 | D:6      | Got a wavering emerald amulet
  2044 | D:6      | Identified the amulet of Pesa {Acrobat *Drain Slay+4} (You
                  | found it on level 6 of the Dungeon)
  2073 | D:6      | Noticed Duvessa
  2073 | D:6      | Noticed Dowan
  2081 | D:6      | Killed Duvessa
  2085 | D:6      | Killed Dowan
  2111 | D:6      | Found a burning altar of Makhleb.
  2133 | D:6      | Became a worshipper of Makhleb the Destroyer
  2221 | D:7      | Found a shattered altar of Ashenzari.
  2255 | D:7      | Reached skill level 1 in Invocations
  2296 | D:7      | Reached skill level 2 in Invocations
  2303 | D:7      | Gained mutation: You passively map the area around you.
                  | [Deep Dwarf growth]
  2303 | D:7      | Reached XP level 9. HP: 38/82 MP: 7/9
  2310 | D:7      | Reached skill level 3 in Invocations
  2452 | D:7      | Found a stormy altar of Qazlal.
  2474 | D:7      | Found a bloodstained altar of Trog.
  2541 | D:7      | Found a staircase to the Ecumenical Temple.
  2626 | D:7      | Noticed Harold
  2660 | D:7      | Killed Harold
  2660 | D:7      | Reached skill level 5 in Dodging
  2660 | D:7      | Reached skill level 5 in Invocations
  2827 | D:7      | Found a snail-covered altar of Cheibriados.
  2865 | D:7      | Found an opulent altar of Gozag.
  3009 | D:8      | Reached * piety under Makhleb
  3316 | D:8      | Noticed a troll
  3327 | D:8      | Killed a troll
  3468 | D:8      | Reached XP level 10. HP: 62/94 MP: 12/12
  3483 | D:8      | Reached skill level 6 in Invocations
  3518 | D:8      | Found a staircase to the Lair.
  3560 | D:8      | Reached ** piety under Makhleb
  4235 | D:9      | Reached skill level 7 in Invocations
  4313 | D:9      | Reached skill level 8 in Invocations
  4429 | D:9      | Reached XP level 11. HP: 67/103 MP: 13/13
  4509 | D:10     | Entered Level 10 of the Dungeon
  4526 | D:10     | Reached *** piety under Makhleb
  4605 | D:10     | Found Jesi's General Store.
  4617 | D:10     | Bought a potion of mutation for 96 gold pieces
  4617 | D:10     | Bought a scroll of fear for 42 gold pieces
  4617 | D:10     | Bought a scroll of blinking for 90 gold pieces
  4617 | D:10     | Bought a scroll of magic mapping for 42 gold pieces
  4617 | D:10     | Gained mutation: Your mind is acute. (Int +2) [potion of
                  | mutation]
  4617 | D:10     | Gained mutation: Your mind is very acute. (Int +4) [potion
                  | of mutation]
  4617 | D:10     | Gained mutation: Your system is resistant to poisons.
                  | (rPois) [potion of mutation]
  4618 | D:10     | Found Hashricam's Food Emporium.
  4720 | D:10     | Found Vigim's Antique Weapon Emporium.
  5463 | D:11     | Killed an unseen horror
  5463 | D:11     | Reached skill level 10 in Axes
  5499 | D:11     | Reached skill level 9 in Invocations
  5511 | D:11     | Reached **** piety under Makhleb
  5954 | D:12     | Killed an unseen horror
  6030 | D:12     | Noticed a brown ugly thing
  6038 | D:12     | Killed a brown ugly thing
  6108 | D:12     | Reached ***** piety under Makhleb
  6313 | D:12     | Found a staircase to the Orcish Mines.
  6617 | D:13     | Noticed a green ugly thing
  6623 | D:13     | Killed a green ugly thing
  6623 | D:13     | Reached skill level 10 in Invocations
  6651 | D:13     | Noticed a two-headed ogre
  6668 | D:13     | Killed a two-headed ogre
  6716 | D:13     | Noticed a lindwurm
  6716 | D:13     | Noticed a lindwurm
  6720 | D:13     | Noticed a lindwurm
  6720 | D:13     | Noticed a lindwurm
  6726 | D:13     | Killed a lindwurm
  6726 | D:13     | Reached XP level 12. HP: 74/115 MP: 11/11
  6824 | D:13     | Noticed a catoblepas
  6833 | D:13     | Killed a catoblepas
  6971 | D:13     | Noticed a two-headed ogre
  6986 | D:13     | Killed a two-headed ogre
  7378 | D:14     | Noticed a centaur warrior
  7387 | D:14     | Killed a centaur warrior
  7387 | D:14     | Reached skill level 11 in Invocations
  7406 | D:14     | Found Konuecvo's Antique Armour Shoppe.
  7411 | D:14     | Bought a polished chain mail for 275 gold pieces
  7421 | D:14     | Identified the +6 chain mail of Resourcefulness {rElec MR+
                  | Int+4} (You bought it in a shop on level 14 of the Dungeon)
  7475 | D:14     | Reached skill level 10 in Fighting
  7488 | D:14     | Noticed Frances
  7497 | D:14     | Killed Frances
  7500 | D:14     | Found a runed translucent gate.
  7502 | D:14     | Found a runed translucent gate.
  7554 | D:14     | Found a runed translucent gate.
  7555 | D:14     | Noticed Ecyt's ghost (journeyman TrTm)
  7617 | D:14     | Killed Ecyt's ghost
  7659 | D:14     | Got a pair of smoking gloves
  7665 | D:14     | Identified the +1 pair of gloves of the Buccaneer {*Slow
                  | Str+2 Dex+9 Stlth+} (You found it on level 14 of the
                  | Dungeon)
  7750 | D:14     | Found Xadaonk's Food Emporium.
  7758 | D:14     | Reached skill level 12 in Invocations
  7827 | D:14     | Noticed a seven-headed hydra
  7834 | D:14     | Noticed a four-headed hydra
  7841 | D:14     | Killed a 13-headed hydra
  7843 | D:14     | Noticed a purple very ugly thing
  7844 | D:14     | Killed a nine-headed hydra
  7848 | D:14     | Noticed a vault guard
  7849 | D:14     | Reached XP level 13. HP: 96/124 MP: 5/5
  7854 | D:14     | Killed a purple very ugly thing
  7881 | D:14     | Found a gate to the Vaults.
  7950 | D:14     | Found a portal to a secret trove of treasure.
  8215 | D:14     | Found Rahuvaus's Antique Armour Shop.
  8262 | D:14     | Bought a pair of runed boots for 195 gold pieces
  8376 | D:14     | Found Heost's Antique Armour Shop.
  8387 | D:14     | Bought a distressingly furry chain mail for 342 gold pieces
  8398 | D:14     | Identified the cursed +0 chain mail "Farolym" {rElec rPois
                  | rCorr} (You bought it in a shop on level 14 of the Dungeon)
  8535 | Lair:1   | Entered Level 1 of the Lair of Beasts
  8707 | Lair:2   | Reached skill level 13 in Invocations
  8961 | Lair:2   | Found a staircase to the Shoals.
  9612 | Lair:3   | Reached skill level 10 in Armour
  9719 | Lair:3   | Found a staircase to the Snake Pit.
  9788 | Lair:3   | Reached ****** piety under Makhleb
  9827 | Lair:3   | Gained mutation: You resist negative energy. (rN+) [Deep
                  | Dwarf growth]
  9827 | Lair:3   | Reached XP level 14. HP: 135/135 MP: 6/6
 10206 | Lair:3   | Reached skill level 14 in Invocations
 10888 | Lair:4   | Found a runed translucent door.
 10901 | Lair:4   | Noticed Rooheesk's ghost (journeyman DDGl)
 11416 | Snake:1  | Entered Level 1 of the Snake Pit
 11416 | Snake:1  | Noticed Azrael
 11432 | Snake:1  | Killed Azrael
 11485 | Snake:1  | Identified a scroll of acquirement
 11485 | Snake:1  | Identified the +2 hat of Booj Nih {MR+} (You acquired it on
                  | level 1 of the Snake Pit)
 11600 | Snake:2  | Reached skill level 10 in Dodging
 11637 | Snake:3  | Noticed a nagaraja
 11658 | Snake:3  | Killed a nagaraja
 11658 | Snake:3  | Reached skill level 15 in Invocations
 11854 | Snake:4  | Entered Level 4 of the Snake Pit
 11910 | Snake:4  | Reached XP level 15. HP: 107/146 MP: 6/6
 12080 | Snake:4  | Found Plog's Food Shop.
 12245 | Snake:4  | Noticed a nagaraja
 12245 | Snake:4  | Noticed a nagaraja
 12250 | Snake:4  | Killed a nagaraja
 12256 | Snake:4  | Killed a nagaraja
 12265 | Snake:4  | Noticed a nagaraja
 12273 | Snake:4  | Killed a nagaraja
 12279 | Snake:4  | Reached skill level 16 in Invocations
 12304 | Snake:4  | Reached skill level 15 in Axes
 12386 | Snake:4  | Noticed a nagaraja
 12387 | Snake:4  | Noticed a nagaraja
 12387 | Snake:4  | Noticed a nagaraja
 12398 | Snake:4  | HP: 11/220 [nagaraja/lance of force (18)]
 12398 | Snake:4  | HP: 3/220 [sea snake (7)]
 12401 | Snake:4  | Killed a nagaraja
 12402 | Snake:4  | Succumbed to a sea snake's poison

Levels and vault maps discovered:
D:1:      heliophobic_arrival_henge, layout_loops_cross
D:2:      layout_basic, grunt_dithmenos_smoke_and_mirrors, minmay_cut_off
D:3:      layout_loops_ring, uniq_jessica
D:4:      cheibrodos_thug_alley, layout_basic, first_ration, tgw_sif,
          uniq_eustachio
D:5:      minmay_bubble_buster, layout_loops_cross, serial_shops, shop,
          trog_hazing_becter
D:6:      layout_loops_corners, lemuel_doored_altar, uniq_duvessa
D:7:      layout_rooms, nicolae_overflow_hidden_temple,
          nicolae_qazlal_style_of_elements, minmay_temple_entry_proselytizer,
          grunt_livestock, grunt_decor_arrowhead, minmay_door_square,
          ashenzari_altar_1, uniq_harold
D:8:      layout_layer_cave, minmay_lair_entry_grove
D:9:      layout_gridville
D:10:     layout_basic, serial_shops, shop, shop, shop, grunt_ministairs_2
D:11:     layout_rooms
D:12:     layout_small_grid, hiddenorc1_lemuel
D:13:     layout_loops_corners, minmay_lindwurm_lava
D:14:     layout_basic, david_vaults_5, serial_glass, glass_columns_a,
          glass_columns_a, minmay_strange_pillars, item_on_display_a,
          gammafunk_ghost_necromancy, serial_park_square1
          [serial_park_minivault_5x5_3], enter_trove_1, serial_shops, shop,
          shop, shop_statue, nicolae_shop_stone, kennysheep_opposing_triangles,
          uniq_frances
Lair:1:   layout_cave_pods, portal_ice_cave_entry_pillars_1, uniq_erica
Lair:2:   layout_cave_pods, shoals_dummy_entry
Lair:3:   regret_index_harrowing_hell_hive, layout_gridlike,
          minmay_snake_entry_six_corridors, gauntlet_entry_generic
Lair:4:   layout_cave_pods, ebering_ghost_reflecting_pool, lemuel_fruit_tree
Snake:1:  layout_cave_shapes, nicolae_snake_lava_pool, uniq_azrael
Snake:2:  layout_concentric_octagons, serial_shops, nicolae_shop_behind_doors
Snake:3:  layout_basic, minmay_shop_grove
Snake:4:  grunt_snake_rune_pools, layout_cave_town, serial_bayou,
          serial_bayou_crossing, serial_bayou_pond_a, serial_bayou_lagoon_a,
          serial_bayou_shore_b, serial_bayou_pond_a, serial_bayou_shore_a,
          serial_shops, shop

Skill      XL: |  1  2  3  4  5  6  7  8  9 10 11 12 13 14 15 |
---------------+----------------------------------------------+-----
Fighting       | 3 4 5 6 7 8 9 10 11 12 13 | 13.2
Dodging        | 1 2 3 4 5 6 7 8 9 10 11 | 11.0
Axes           | 3 4 5 7 8 9 10 12 13 14 15 | 15.1
Armour         | 4 5 6 7 8 9 10 11 | 11.5
Shields        | 4 5 6 7 |  7.7
Invocations    | 2 5 8 10 12 13 15 16 | 16.3

Action                   |  1- 3 |  4- 6 |  7- 9 | 10-12 | 13-15 || total
-------------------------+-------+-------+-------+-------+-------++-------
Melee: War axe           |    68 |   119 |   214 |       |       ||   401
       Broad axe         |       |       |    56 |   334 |       ||   390
       Battleaxe         |       |       |       |   258 |   605 ||   863
       Executioner's axe |       |       |       |       |    29 ||    29
Invok: Lesser Servant of |       |       |       |     2 |     3 ||     5
       Greater Servant o |       |       |       |       |     3 ||     3
 Abil: Heal Wounds       |     2 |     3 |    13 |    50 |    22 ||    90
Evoke: Wand              |       |       |       |       |     1 ||     1
  Use: Scroll            |       |     6 |     3 |    13 |     4 ||    26
       Potion            |       |       |       |     1 |     2 ||     3
  Eat: Chunk             |       |     1 |     8 |    17 |    12 ||    38
       Ration            |       |       |       |       |     3 ||     3
Armor: Scale mail        |    55 |    56 |     9 |       |       ||   120
       Chain mail        |       |       |    66 |   424 |   586 ||  1076
Dodge: Dodged            |    32 |    45 |    85 |   458 |   790 ||  1410
Block: Kite shield       |    56 |    78 |   177 |   288 |       ||   599

Table legend:
 A = Non-vault XP
 B = Vault XP
 C = Vault XP percentage of total XP
 D = Non-vault monster count
 E = Vault monster count
 F = Vault count percentage of total count
                 A         B        C        D         E       F
            +---------+---------+-------+---------+---------+-------
      Total |   86288 |   50814 |  37.1 |     405 |     172 |  29.8
            +---------+---------+-------+---------+---------+-------
        D:1 |      16 |       0 |   0.0 |      10 |       0 |   0.0
        D:2 |       7 |       0 |   0.0 |       2 |       0 |   0.0
        D:3 |     148 |      37 |  20.0 |      21 |       1 |   4.5
        D:4 |     209 |       0 |   0.0 |       8 |       0 |   0.0
        D:5 |     263 |     339 |  56.3 |      11 |      16 |  59.3
        D:6 |     840 |     223 |  21.0 |      12 |       2 |  14.3
        D:7 |     374 |    2049 |  84.6 |      11 |       7 |  38.9
        D:8 |    1440 |    1537 |  51.6 |      26 |      12 |  31.6
        D:9 |    3568 |       0 |   0.0 |      43 |       0 |   0.0
       D:10 |    1413 |     239 |  14.5 |      14 |       2 |  12.5
       D:11 |    3150 |       0 |   0.0 |      37 |       0 |   0.0
       D:12 |    3028 |     250 |   7.6 |      17 |      17 |  50.0
       D:13 |    4344 |    2530 |  36.8 |      14 |       4 |  22.2
       D:14 |    5933 |   14288 |  70.7 |      23 |      24 |  51.1
     Lair:1 |    3368 |       0 |   0.0 |      10 |       0 |   0.0
     Lair:2 |    8361 |       0 |   0.0 |      26 |       0 |   0.0
     Lair:3 |    6912 |    3589 |  34.2 |      32 |      36 |  52.9
     Lair:4 |    2546 |       0 |   0.0 |       9 |       0 |   0.0
    Snake:1 |    6755 |    2662 |  28.3 |      15 |       9 |  37.5
    Snake:2 |    3359 |       0 |   0.0 |       7 |       0 |   0.0
    Snake:3 |   14296 |       0 |   0.0 |      28 |       0 |   0.0
    Snake:4 |   15958 |   23071 |  59.1 |      29 |      42 |  59.2
            +---------+---------+-------+---------+---------+-------
